 Dungeon Sprint DCSS version 0.16-a0-3253-g5709529 (webtiles) character file.

588 BluebellGnoll the Jinx (level 7, -16/36 HPs)
             Began as a Deep Elf Enchanter on Dec 23, 2014.
             Was a Follower of Vehumet.
             Demolished by a hill giant
             ... wielding a +0 giant club
              (28 damage)
             ... in the Dungeon (Sprint IX: "|||||||||||||||||||||||||||||").
             The game lasted 00:03:52 (341 turns).

BluebellGnoll the Jinx (Deep Elf Enchanter)          Turns: 341, Time: 00:03:52

Health: -16/36     AC:  7    Str:  5    XL:     7   Next: 15%
Magic:  20/29      EV: 13    Int: 25    God:    Vehumet [*.....]
Gold:   0          SH:  0    Dex: 15    Spells: 5 memorised, 19 levels left

rFire  . . .     SeeInvis .     p - +2 rapier (venom)
rCold  . . .     Clarity  .     b - +1 robe
rNeg   . . .     SustAb   .     (no shield)
rPois  .         Gourm    .     a - +0 helmet
rElec  .         Spirit   .     (no cloak)
rCorr  .         Warding  .     k - +0 pair of gloves
rMut   .         NoTele   +     (no boots)
MR     .....                    (no amulet)
Stlth  ++++......               r - +3 ring of intelligence
                                q - +2 ring of protection

@: not resistant to hostile enchantments, stealthy
A: no striking features
a: Renounce Religion


You were in the Dungeon.
You worshipped Vehumet.
Vehumet was aware of your devotion.
You were not hungry.

You visited 1 branch

Inventory:

Hand weapons
 p - a +2 rapier of venom (weapon)
Armour
 a - a +0 helmet (worn)
 b - a +1 robe (worn)
 k - a +0 pair of gloves (worn)
Magical staves
 o - an uncursed staff of energy
Jewellery
 q - a +2 ring of protection (left hand)
 r - a +3 ring of intelligence (right hand)
Magical devices
 n - a wand of cold (7)
Scrolls
 j - 2 scrolls of blinking
 l - 3 scrolls of remove curse
 m - 2 scrolls of amnesia
Potions
 e - 5 potions of curing
 f - 3 potions of heal wounds
 g - a potion of haste
 h - 4 potions of magic
 i - a potion of invisibility
Books
 c - a book of Maledictions

   Spells                             Type                      Level
   a - Corona                         Hexes                        1
   b - Sure Blade                     Hexes/Charms                 2
   c - Ensorcelled Hibernation        Hexes/Ice                    2
   d - Confuse                        Hexes                        3
   e - Dazzling Spray                 Conjuration/Hexes            3
   f - Enslavement                    Hexes                        4
Comestibles
 d - a bread ration


   Skills:
 - Level 1.0 Short Blades
 - Level 2.4 Dodging
 - Level 9.8 Stealth
 * Level 12.4 Spellcasting
 + Level 13.1 Hexes


You had 19 spell levels left.
You knew the following spells:

 Your Spells              Type           Power        Failure   Level  Hunger
a - Corona                Hex            ######.      1%          1    None
b - Ensorcelled Hibernat  Hex/Ice        #####.       1%          2    None
c - Confuse               Hex            ######..     1%          3    None
d - Sure Blade            Hex/Chrm       #####.....   1%          2    None
e - Dazzling Spray        Conj/Hex       #####...     1%          3    None


Dungeon Overview and Level Annotations

Branches:
Dungeon (1/1)

Altars:
Cheibriados
Dithmenos
Elyvilon
Fedhas
Gozag
Kikubaaqudgha
Makhleb
Nemelex Xobeh
Okawaru
Qazlal
Ru
Sif Muna
Trog
Vehumet
Xom
Yredelemnul
Zin
The Shining One
Beogh
Jiyva
Lugonu


Message History

The hill giant is heavily wounded.
Casting: Confuse
Confirm with . or Enter, or press ? or * to list all spells.
Aiming: Dazzling Spray
Press: ? - help, Shift-Dir - straight line, f/p - hill giant
Aim: a hill giant, wielding a giant club (heavily wounded, bewildered and confused)
The spray of energy hits the hill giant.
The hill giant is heavily wounded.
Casting: Dazzling Spray
Confirm with . or Enter, or press ? or * to list all spells.
Okay, then.
You catch the helpless hill giant completely off-guard!
You puncture the hill giant!
The hill giant is severely wounded.
You hit the hill giant but do no damage.
The hill giant is poisoned.
The hill giant is severely wounded.
The hill giant hits you with a giant club!!
Ouch! That really hurt!
You die...

▓▓▓
▓<▓
▓@▓
▓C▓
▓.▓
▓.▓
▓'▓
▓)▓
▓.▓
▓.▓
▓.▓


You could see a hill giant (confused).

Vanquished Creatures
  A hill giant (D)
  A centaur (D)
  A hound (D)
  A jelly (D)
  An orc priest (D)
  A gnoll (D)
  An orc (D)
  A ball python (D)
  2 bats (D)
  A hobgoblin (D)
  A goblin (D)
  2 kobolds (D)
  A rat (D)
15 creatures vanquished.

Notes
Turn   | Place    | Note
--------------------------------------------------------------
     0 | D        | BluebellGnoll, the Deep Elf Enchanter, began the quest for the Orb.
     0 | D        | Reached XP level 1. HP: 10/10 MP: 5/5
    16 | D        | Reached skill level 5 in Stealth
    55 | D        | Noticed a hound
    58 | D        | Reached skill level 7 in Stealth
    58 | D        | Reached XP level 2. HP: 15/15 MP: 8/8
    69 | D        | Killed a hound
    69 | D        | Reached skill level 9 in Stealth
    69 | D        | Reached XP level 3. HP: 12/19 MP: 10/10
    77 | D        | Found a glowing silver altar of Zin.
    77 | D        | Found a glowing golden altar of the Shining One.
    77 | D        | Found an ancient bone altar of Kikubaaqudgha.
    77 | D        | Found a basalt altar of Yredelemnul.
    77 | D        | Found a shimmering altar of Xom.
    77 | D        | Found a radiant altar of Vehumet.
    77 | D        | Found an iron altar of Okawaru.
    78 | D        | Found a burning altar of Makhleb.
    79 | D        | Found a deep blue altar of Sif Muna.
    80 | D        | Found a bloodstained altar of Trog.
    81 | D        | Found a sparkling altar of Nemelex Xobeh.
    82 | D        | Found a white marble altar of Elyvilon.
    83 | D        | Found a roughly hewn altar of Beogh.
    84 | D        | Found a viscous altar of Jiyva.
    85 | D        | Became a worshipper of Vehumet
    86 | D        | Found a corrupted altar of Lugonu.
    87 | D        | Found a blossoming altar of Fedhas.
    88 | D        | Found a snail-covered altar of Cheibriados.
    89 | D        | Found a shadowy altar of Dithmenos.
    90 | D        | Found a stormy altar of Qazlal.
    91 | D        | Found an opulent altar of Gozag.
    92 | D        | Found a sacrificial altar of Ru.
   141 | D        | Learned a level 2 spell: Ensorcelled Hibernation
   145 | D        | Learned a level 3 spell: Confuse
   148 | D        | Learned a level 2 spell: Sure Blade
   252 | D        | Noticed a jelly
   252 | D        | Noticed an orc priest
   252 | D        | Noticed a hill giant
   252 | D        | Noticed a centaur
   252 | D        | Noticed a hill giant
   254 | D        | Killed a jelly
   254 | D        | Reached skill level 5 in Hexes
   254 | D        | Reached XP level 4. HP: 24/24 MP: 12/16
   256 | D        | Killed an orc priest
   256 | D        | Reached skill level 5 in Spellcasting
   260 | D        | Acquired Vehumet's first power
   260 | D        | Offered knowledge of Sandblast by Vehumet.
   267 | D        | Killed a centaur
   267 | D        | Reached XP level 5. HP: 28/28 MP: 13/21
   273 | D        | Killed a hill giant
   273 | D        | Reached skill level 12 in Spellcasting
   273 | D        | Reached skill level 13 in Hexes
   273 | D        | Reached XP level 6. HP: 32/32 MP: 15/28
   273 | D        | Reached XP level 7. HP: 36/36 MP: 15/29
   335 | D        | Learned a level 3 spell: Dazzling Spray
   341 | D        | Demolished by a hill giant

Action                   |  1- 3 |  4- 6 |  7- 9 || total
-------------------------+-------+-------+-------++-------
Melee: Dagger            |    27 |       |       ||    27
       Rapier            |     1 |     4 |     7 ||    12
 Cast: Corona            |     3 |       |       ||     3
       Confuse           |       |     1 |     2 ||     3
       Dazzling Spray    |       |       |     1 ||     1
  Use: Potion            |     1 |       |       ||     1
 Stab: Sleeping          |     3 |     1 |       ||     4
       Confused          |       |     2 |     2 ||     4
